 Dungeon Crawl Stone Soup version 0.18.1-48-g4cf74bf (webtiles) character file.

150552 Mellonil the Severer (level 17, -2/158 HPs)
             Began as a Hill Orc Fighter on Aug 6, 2016.
             Was the Champion of Makhleb.
             Slain by a flail of crushing (7 damage)
             ... on level 2 of the Orcish Mines on Aug 7, 2016.
             The game lasted 05:43:46 (35586 turns).

Mellonil the Severer (Hill Orc Fighter)            Turns: 35586, Time: 05:43:46

Health: -2/158     AC: 26    Str: 23    XL:     17   Next: 53%
Magic:  19/19      EV:  4    Int: 11    God:    Makhleb [******]
Gold:   367        SH: 14    Dex: 13    Spells: 0 memorised, 16 levels left

rFire  + + .     SeeInvis +     J - +2 eveningstar (freeze)
rCold  + . .     Gourm    .     Q - +2 plate armour {MR+}
rNeg   . . .     Faith    .     N - +2 shield {reflect}
rPois  .         Spirit   .     o - +2 hat {MR+}
rElec  .         Dismiss  .     F - +1 cloak "Juytzac" {rF+ SInv}
rCorr  .         Reflect  +     G - +1 pair of gloves {Dex+3}
SustAt .         Harm     .     M - +2 pair of boots {Stlth+}
MR     ++++.                    W - amulet of Suspicion {rC+ Regen+}
Stlth  ..........               V - ring of protection from fire
                                A - ring of protection from magic

@: very slightly contaminated, very heavily drained, incredibly resistant to
hostile enchantments, extremely unstealthy
A: large bone plates 1, see invisible
a: Minor Destruction, Lesser Servant of Makhleb, Major Destruction, Greater
Servant of Makhleb, Renounce Religion


You were on level 2 of the Orcish Mines.
You worshipped Makhleb.
Makhleb was exalted by your worship.
You were hungry.

You visited 5 branches of the dungeon, and saw 26 of its levels.
You also visited: Sewer, Ice Cave and Wizlab.

You collected 2718 gold pieces.
You spent 2351 gold pieces at shops.

Inventory:

Hand Weapons
 k - a +3 scimitar of flaming
 y - a +0 flail of holy wrath
 B - a +0 greatsling
 J - a +2 eveningstar of freezing (weapon)
 U - a +2 broad axe of draining
Missiles
 s - 567 stones (quivered)
 T - 30 sling bullets
Armour
 g - a +2 helmet of see invisible
 o - a +2 hat of magic resistance (worn)
 t - the +1 plate armour "Welem" {rF+ Str+7}
   (You bought it in a shop on level 2 of the Orcish Mines)

   It affects your strength (+7).
   It protects you from fire.
 E - a +0 large shield
 F - the +1 cloak "Juytzac" (worn) {rF+ SInv}
   (You found it in a wizard's laboratory)

   It protects you from fire.
   It lets you see invisible.
 G - a +1 pair of gloves of dexterity (worn)
 L - a +1 cloak of magic resistance
 M - a +2 pair of boots of stealth (worn)
 N - a +2 shield of reflection (worn)
 Q - a +2 plate armour of magic resistance (worn)
Jewellery
 A - a ring of protection from magic (left hand)
 R - an uncursed ring of flight
 V - a ring of protection from fire (right hand)
 W - the amulet of Suspicion (around neck) {rC+ Regen+}
   (You acquired it on level 4 of the Lair of Beasts)

   [amulet of regeneration]

   It protects you from cold.
   It increases your rate of regeneration.
 X - an uncursed ring of protection from cold
Wands
 b - a wand of disintegration (9/24)
 h - a wand of hasting (0/9)
 u - a wand of iceblast (8/15)
 w - a wand of iceblast (2/15)
 D - a wand of digging (11/24)
 I - a wand of flame (14/48)
 P - a wand of heal wounds (0/9)
 Y - a wand of acid (0/15)
 Z - a wand of flame (25/48)
Scrolls
 a - a scroll of fog
 d - 3 scrolls of magic mapping
 e - 13 scrolls of remove curse
 m - 7 scrolls of teleportation
 n - a scroll of holy word {unknown}
 r - 4 scrolls of immolation
 v - a scroll of identify
 z - 2 scrolls of enchant weapon
 S - 2 scrolls of fear
Potions
 c - 2 potions of agility
 p - 2 potions of curing
 K - 2 potions of might
Books
 O - a book of Battle

   Spells                             Type                      Level
   a - Infusion                       Charms                       1
   b - Shroud of Golubria             Charms/Translocation         2
   c - Song of Slaying                Charms                       2
   d - Spectral Weapon                Hexes/Charms                 3
   e - Regeneration                   Charms/Necromancy            3
Comestibles
 f - 17 bread rations
 i - 9 beef jerkies
 j - 13 meat rations
 l - 2 royal jellies
 H - 6 fruits


   Skills:
 + Level 15.9(6.7) Fighting
 + Level 16.7(7.3) Axes
 - Level 12.9(4.2) Slings
 + Level 14.6(5.6) Armour
 - Level 14.4(5.4) Shields
 + Level 2.3(0.0) Invocations
 * Level 2.9(0.0) Evocations


You had 16 spell levels left.
You didn't know any spells.

Dungeon Overview and Level Annotations

Branches:
Dungeon (12/15)            Temple (0/1) D:5            Lair (8/8) D:10
  Swamp (2/4) Lair:4       Spider (0/4) Lair:4        Slime (0/6) Lair:7
    Orc (2/2) D:11            Elf (2/3) Orc:2

Altars:
Ashenzari
Cheibriados
Dithmenos
Fedhas
Kikubaaqudgha
Makhleb
Nemelex Xobeh
Pakellas
Qazlal
Ru
Vehumet
Xom
Yredelemnul
Zin
The Shining One
Beogh

Shops:
D:7 !*?*   D:8 [   D:9 (   D:12 (   Orc:1 *   Orc:2 [[%=   Elf:2 *


Innate Abilities, Weirdness & Mutations

You are partially covered in large bone plates (AC +2, SH +2).
You have supernaturally acute eyesight.


Message History

Okay, then.
The flail of crushing hits you!
* * * LOW HITPOINT WARNING * * *
x2
There is a staircase back to the Mines here.
Drink which item? (? for menu, Esc to quit)
Okay, then.
Evoke which item? (* to show all) (? for menu, Esc to quit)
Okay, then.
The deep elf death mage beckons forth a restless soul!
The flail of crushing hits you.
* * * LOW HITPOINT WARNING * * *
x2 You climb upwards.
Welcome back to the Orcish Mines!
There is a staircase to the Elven Halls here.
You block the flail of crushing's attack.
You block the flail of crushing's attack.
The flail of crushing hits you.
* * * LOW HITPOINT WARNING * * *
x2 The flail of crushing hits you but does no damage.
The flail of crushing hits you!
You die...

#### ### ###############
#..###.####.#..##....##.##### ##
........##...............#..####.
..........#.....@(...........##..
.............................##..
.............................#...
.......................#.....#..#
....#...........................#
....#............................
.......#................#.>......
.................................
..........................#....#.


You could see a flail of crushing.

Vanquished Creatures
  Rupert (D:11)
  Maud (D:11)
  A frost giant (IceCv)
  A deep elf elementalist (Elf:2)
  Nessos (D:12)
  A deep elf annihilator (Elf:2)
  A deep elf demonologist (Elf:1)
  The ghost of dearth the Cleaver, a journeyman HOFi of Okawaru (D:11)
  Snorg (D:10)
  A fire dragon (Lair:8)
  A rakshasa (WizLab)
  11 hydras
  Harold (D:11)
  Erica (D:9)
  A ghost crab (Swamp:2)
  2 alligators (Swamp:2)
  13 dancing weapons
  5 death yaks
  6 deep elf knights (Elf:2)
  4 orc high priests (Orc:2)
  Urug (Lair:1)
  An unseen horror (D:12)
  The ghost of Joat the Quickloader, a novice DgWn (D:9)
  2 deep elf archers
  A swamp dragon (Swamp:2)
  A lindwurm (Lair:8)
  2 hill giants (D:12)
  4 orc knights (Orc:2)
  3 ugly things
  29 deep elf magi
  4 griffons
  4 orc sorcerers (Orc:2)
  A manticore (shapeshifter) (Elf:2)
  A large abomination (WizLab)
  A sixfirhy (WizLab)
  2 worldbinders (WizLab)
  2 cyclopes
  7 torpor snails
  5 black mambas
  4 elephants
  A frost giant skeleton (WizLab)
  3 gargoyles
  19 spiny frogs
  A spiny frog (shapeshifter) (Elf:1)
  6 komodo dragons
  An ancient zyme (WizLab)
  A kobold demonologist (Sewer)
  A polar bear (shapeshifter) (Elf:2)
  18 polar bears
  2 trolls
  7 giant leeches
  A two-headed ogre (D:8)
  Grinder (Sewer)
  4 slime creatures (Swamp:2)
  3 bog bodies
  A raiju (WizLab)
  14 blink frogs
  3 starcursed masses (WizLab)
  2 centaur simulacra (D:12)
  2 shadows (D:11)
  3 ynoxinuls (WizLab)
  2 wyverns (D:11)
  65 yaks
  A wraith (D:11)
  2 fire elementals
  A vampire (D:12)
  5 spatial vortices (WizLab)
  7 hippogriffs
  9 vampire mosquitoes
  A hungry ghost (D:10)
  5 insubstantial wisps
  Edmund (D:5)
  8 swamp worms
  6 water moccasins
  11 porcupines
  4 swamp drakes
  18 orc warriors
  2 ice beasts (D:12)
  3 sky beasts
  2 black bears
  6 ogres
  2 phantoms
  4 wasps
  3 necrophages
  26 wolves
  An eye of draining (D:7)
  16 crocodiles
  13 centaurs
  3 big kobolds
  17 giant frogs
  2 earth elementals (Elf:1)
  2 human skeletons (WizLab)
  A wyvern zombie (D:11)
  A water moccasin zombie (D:11)
  A wyvern skeleton (D:12)
  6 scorpions
  5 wights (D:7)
  A howler monkey (D:5)
  5 electric eels
  A centaur zombie (D:10)
  3 giant frog zombies
  8 crimson imps
  A jelly (D:5)
  A quasit (Sewer)
  13 orc priests
  22 orc wizards
  A centaur skeleton (D:4)
  5 hounds
  2 giant frog skeletons
  An iron imp (WizLab)
  13 iguanas
  6 worker ants
  A killer bee zombie (D:6)
  32 sheep
  A big kobold zombie (Sewer)
  A hound zombie (D:11)
  2 hound skeletons
  A worker ant zombie (D:11)
  3 gnolls (D:2)
  9 adders
  69 river rats
  5 shadow imps
  4 white imps (D:12)
  6 ufetubi
  2 adder skeletons
  24 worms
  3 dart slugs
  10 giant geckos
  60 orcs
  14 bats
  7 giant cockroaches
  7 goblins
  10 hobgoblins
  6 jackals
  34 kobolds
  5 quokkas
  A giant gecko skeleton (D:5)
  3 giant gecko zombies
  5 giant newts
  3 kobold zombies (Sewer)
  7 rats
  A bush (Lair:6)
  10 fungi
  5 plants
921 creatures vanquished.

Vanquished Creatures (collateral kills)
  A soul eater (WizLab)
1 creature vanquished.

Vanquished Creatures (others)
  A deep elf knight (Elf:1)
  4 deep elf archers
  A small abomination (WizLab)
  A white imp (D:12)
  4899 eldritch tentacle segments (WizLab)
  19 fungi
  A lurking horror (WizLab)
  16 plants (Lair:8)
  8 starspawn tentacles (WizLab)
  35 starspawn tentacle segments (WizLab)
4985 creatures vanquished.

Grand Total: 5907 creatures vanquished

Notes
Turn   | Place    | Note
--------------------------------------------------------------
     0 | D:1      | Mellonil the Hill Orc Fighter began the quest for the Orb.
     0 | D:1      | Reached XP level 1. HP: 19/19 MP: 1/1
   181 | D:1      | Reached skill level 3 in Axes
   182 | D:1      | Reached XP level 2. HP: 27/27 MP: 2/2
   480 | D:1      | Reached XP level 3. HP: 33/33 MP: 3/3
   813 | D:2      | Reached XP level 4. HP: 26/40 MP: 4/4
  1259 | D:2      | Found a faded altar to an unknown god.
  1460 | D:2      | Reached skill level 4 in Axes
  1517 | D:2      | Reached XP level 5. HP: 47/47 MP: 5/5
  1851 | D:3      | Found a snail-covered altar of Cheibriados.
  1853 | D:3      | Found a blossoming altar of Fedhas.
  1857 | D:3      | Found a stormy altar of Qazlal.
  1857 | D:3      | Found an ancient bone altar of Kikubaaqudgha.
  1857 | D:3      | Found a shadowy altar of Dithmenos.
  1861 | D:3      | Found an oddly glowing altar of Pakellas.
  1900 | D:3      | Found a shattered altar of Ashenzari.
  2258 | D:4      | Reached XP level 6. HP: 36/53 MP: 6/6
  2498 | D:4      | Reached skill level 5 in Fighting
  2527 | D:4      | Got a creamy pearl robe
  2814 | D:4      | Found a glowing drain.
  2818 | Sewer    | Entered a sewer
  2940 | Sewer    | Reached skill level 5 in Shields
  2976 | Sewer    | Reached skill level 5 in Axes
  2978 | Sewer    | Found a burning altar of Makhleb.
  3299 | Sewer    | Reached XP level 7. HP: 49/61 MP: 7/7
  3358 | Sewer    | Became a worshipper of Makhleb the Destroyer
  3382 | Sewer    | Noticed Grinder
  3384 | Sewer    | Paralysed by Grinder for 2 turns
  3395 | Sewer    | Noticed an apprentice kobold demonologist
  3399 | Sewer    | Paralysed by Grinder for 5 turns
  3427 | Sewer    | Killed an apprentice kobold demonologist
  3427 | Sewer    | Reached skill level 5 in Armour
  3430 | Sewer    | Reached skill level 6 in Axes
  3532 | Sewer    | Paralysed by Grinder for 6 turns
  3540 | Sewer    | Killed Grinder
  3540 | Sewer    | Reached XP level 8. HP: 30/71 MP: 8/8
  4387 | D:4      | Found a burning altar of Makhleb.
  4389 | D:4      | Noticed an Executioner
  4393 | D:4      | Noticed a ynoxinul
  4393 | D:4      | Noticed an orange demon
  4655 | D:5      | Entered Level 5 of the Dungeon
  4735 | D:5      | Reached * piety under Makhleb
  4849 | D:5      | Noticed a troll
  4849 | D:5      | Noticed Edmund
  4886 | D:5      | Killed Edmund
  4886 | D:5      | Reached skill level 7 in Axes
  4899 | D:5      | Killed a troll
  5155 | D:5      | Reached XP level 9. HP: 61/79 MP: 9/9
  5373 | D:5      | Reached skill level 8 in Axes
  5717 | D:5      | Found a staircase to the Ecumenical Temple.
  5907 | D:6      | Reached ** piety under Makhleb
  5921 | D:6      | Found a shimmering altar of Xom.
  5942 | D:6      | Found a blossoming altar of Fedhas.
  6543 | D:6      | Found a sacrificial altar of Ru.
  7077 | D:7      | Reached skill level 9 in Axes
  7300 | D:7      | Found Tifauto's Assorted Antiques.
  7309 | D:7      | Found Ejut Eru Peh's Magic Scroll Boutique.
  7332 | D:7      | Bought a scroll of identify for 22 gold pieces
  7332 | D:7      | Bought a scroll of enchant armour for 82 gold pieces
  7332 | D:7      | Bought a scroll of identify for 22 gold pieces
  7348 | D:7      | Found Urphavve's Distillery.
  7356 | D:7      | Bought a potion of berserk rage for 50 gold pieces
  7423 | D:7      | Found Ojipel Ysso's Elemental Accessories.
  7510 | D:7      | Reached *** piety under Makhleb
  7516 | D:7      | Reached XP level 10. HP: 77/90 MP: 0/10
  7578 | D:7      | Found a basalt altar of Yredelemnul.
  7581 | D:7      | Found a glowing golden altar of the Shining One.
  7584 | D:7      | Found a sparkling altar of Nemelex Xobeh.
  7597 | D:7      | Found a radiant altar of Vehumet.
  7911 | D:8      | Found an oddly glowing altar of Pakellas.
  7924 | D:8      | Found a glowing silver altar of Zin.
  8100 | D:8      | Found Quss's Armour Boutique.
  8557 | D:8      | Bought a +2 pair of boots of stealth for 236 gold pieces
  8685 | D:8      | Reached skill level 10 in Axes
  8915 | D:9      | Noticed Erica
  8935 | D:9      | Killed Erica
  9132 | D:9      | Reached **** piety under Makhleb
  9144 | D:9      | Noticed Joat's ghost (novice DgWn)
  9171 | D:9      | Killed Joat's ghost
  9304 | D:9      | Found Mofraub's Antique Weapon Emporium.
  9399 | D:9      | Found a shattered altar of Ashenzari.
  9506 | D:9      | Reached skill level 10 in Fighting
  9881 | D:9      | Reached XP level 11. HP: 62/100 MP: 11/11
  9896 | D:9      | Reached skill level 11 in Axes
 10215 | D:10     | Entered Level 10 of the Dungeon
 10218 | D:10     | Reached skill level 10 in Shields
 10341 | D:10     | Noticed Snorg
 10360 | D:10     | Killed Snorg
 10382 | D:10     | Reached skill level 10 in Armour
 10532 | D:10     | Found a staircase to the Lair.
 11340 | Lair:1   | Entered Level 1 of the Lair of Beasts
 11351 | Lair:1   | Reached skill level 1 in Slings
 11554 | Lair:1   | Noticed Urug
 11612 | Lair:1   | Killed Urug
 11897 | D:11     | Noticed dearth's ghost (journeyman HOFi)
 12092 | D:11     | Reached ***** piety under Makhleb
 12613 | D:11     | Noticed a seven-headed hydra
 12813 | Lair:1   | Reached skill level 12 in Axes
 13120 | Lair:1   | Reached XP level 12. HP: 110/110 MP: 12/12
 15403 | Lair:3   | Reached skill level 5 in Slings
 16395 | Lair:4   | Noticed a five-headed hydra
 16409 | Lair:4   | Killed a one-headed hydra
 16432 | Lair:4   | Found a staircase to the Swamp.
 16776 | Lair:4   | Reached ****** piety under Makhleb
 17237 | Lair:4   | Found a hole to the Spider Nest.
 17245 | Lair:4   | Noticed a six-headed hydra
 17255 | Lair:4   | Killed a two-headed hydra
 17628 | Lair:4   | Identified a scroll of acquirement
 17633 | Lair:4   | Got a warped ruby amulet
 17634 | Lair:4   | Identified the amulet of Suspicion {rC+ Regen+} (You acquired it on level 4 of the Lair of Beasts)
 17897 | Lair:4   | Reached skill level 13 in Axes
 17901 | Lair:4   | Reached XP level 13. HP: 118/118 MP: 13/13
 21130 | Lair:7   | Found a staircase to the Slime Pits.
 21800 | Lair:8   | Entered Level 8 of the Lair of Beasts
 22148 | Lair:8   | Reached skill level 14 in Axes
 22226 | Lair:8   | Reached XP level 14. HP: 113/129 MP: 14/14
 22693 | Lair:8   | Found a runed door.
 23435 | Swamp:1  | Entered Level 1 of the Swamp
 25157 | Swamp:2  | Reached skill level 10 in Slings
 25373 | Swamp:2  | Reached XP level 15. HP: 133/138 MP: 15/15
 26248 | D:11     | Found a staircase to the Orcish Mines.
 26429 | D:11     | Reached skill level 15 in Axes
 26719 | D:11     | Noticed Harold
 26735 | D:11     | Killed Harold
 26809 | D:11     | Killed dearth's ghost
 27199 | D:11     | Noticed Maud
 27251 | D:11     | Killed Maud
 27733 | D:12     | Noticed Rupert
 27740 | D:12     | Reached XP level 16. HP: 147/147 MP: 16/16
 27807 | D:11     | Killed Rupert
 27965 | D:12     | Found a frozen archway.
 27982 | IceCv    | Entered an ice cave
 28865 | D:12     | Found Nafen's Antique Weapon Emporium.
 29018 | D:12     | Noticed Nessos
 29047 | D:12     | Killed Nessos
 29475 | Orc:1    | Entered Level 1 of the Orcish Mines
 29601 | Orc:1    | Found Poatyty's Assorted Antiques.
 29609 | Orc:1    | Bought a potion of haste for 370 gold pieces
 29609 | Orc:1    | Bought a potion of curing for 111 gold pieces
 29609 | Orc:1    | Bought a pair of embroidered gloves for 166 gold pieces
 29986 | Orc:2    | Entered Level 2 of the Orcish Mines
 30177 | Orc:2    | Found a staircase to the Elven Halls.
 30412 | Orc:2    | Found a roughly hewn altar of Beogh.
 30570 | Orc:2    | Gained mutation: You have supernaturally acute eyesight. [a neqoxec]
 30570 | Orc:2    | Paralysed by an orc sorcerer for 4 turns
 30571 | Orc:2    | Gained mutation: You are partially covered in large bone plates (AC +2, SH +2). [a neqoxec]
 30688 | Orc:2    | HP: 5/147 [orc knight/glaive (9)]
 31016 | Orc:2    | Reached skill level 15 in Fighting
 31219 | Orc:2    | Found Bearchoso's Antique Armour Boutique.
 31219 | Orc:2    | Found Wuiblo Sets's Antique Armour Boutique.
 31220 | Orc:2    | Found Pist's Jewellery Shoppe.
 31220 | Orc:2    | Found Zefal's Food Shoppe.
 31253 | Orc:2    | Bought a steaming plate armour for 952 gold pieces
 31416 | Orc:2    | Identified the +1 plate armour "Welem" {rF+ Str+7} (You bought it in a shop on level 2 of the Orcish Mines)
 31504 | Orc:2    | Bought a runed shield for 153 gold pieces
 31616 | Elf:1    | Entered Level 1 of the Elven Halls
 31655 | Elf:1    | Found a radiant altar of Vehumet.
 31785 | Elf:1    | Found a magical portal.
 31794 | WizLab   | Entered The Roulette of Golubria
 31797 | WizLab   | Found a corrupted altar of Lugonu.
 31882 | WizLab   | Noticed an eldritch tentacle
 31922 | WizLab   | Noticed a tentacled starspawn
 32178 | WizLab   | Reached skill level 16 in Axes
 32944 | WizLab   | Noticed a tentacled starspawn
 33127 | WizLab   | Got a polished cloak
 33133 | WizLab   | Got a crude cloak
 33171 | Elf:1    | Identified the +1 cloak "Estreacs" {*Corrode Dex+7} (You found it in a wizard's laboratory)
 33181 | Elf:1    | Identified the +1 cloak "Juytzac" {rF+ SInv} (You found it in a wizard's laboratory)
 33636 | Elf:1    | Reached XP level 17. HP: 156/156 MP: 17/17
 34416 | Elf:2    | Found Ogoe's Assorted Antiques.
 34495 | Elf:2    | Bought a scroll of blinking for 187 gold pieces
 34785 | Elf:2    | Found a huge runed gate.
 34785 | Elf:2    | Found a huge runed gate.
 34785 | Elf:2    | Found a huge runed gate.
 34785 | Elf:2    | Found a huge runed gate.
 34814 | Elf:2    | Found a huge runed gate.
 35062 | Elf:2    | Reached skill level 1 in Invocations
 35062 | Elf:2    | Reached skill level 1 in Evocations
 35575 | Elf:1    | HP: 4/158 [flail of crushing (6)]
 35582 | Orc:2    | HP: 3/158 [flail of crushing (5)]
 35586 | Orc:2    | Slain by a flail of crushing

Skill      XL: |  1  2  3  4  5  6  7  8  9 10 11 12 13 14 15 16 17 |
---------------+----------------------------------------------------+-----
Axes           | 3 4 5 6 7 9 10 12 13 14 15 16 | 16.7
Fighting       | 4 5 6 7 8 10 11 12 13 14 15 | 15.9
Shields        | 4 5 6 7 8 9 10 11 12 13 14 | 14.4
Armour         | 4 5 6 8 9 10 11 12 13 14 | 14.6
Slings         | 3 6 8 10 11 12 | 12.9
Invocations    | 2 |  2.3
Evocations     | 2 |  2.9

Action                   |  1- 3 |  4- 6 |  7- 9 | 10-12 | 13-15 | 16-18 || total
-------------------------+-------+-------+-------+-------+-------+-------++-------
Melee: War axe           |    91 |   292 |   422 |   915 |  1088 |   519 ||  3327
       Scimitar          |       |       |       |    13 |   112 |    28 ||   153
       Flail             |       |       |       |       |    66 |    21 ||    87
       Eveningstar       |       |       |       |       |    18 |   402 ||   420
       Broad axe         |       |       |       |       |       |   530 ||   530
 Fire: Greatsling        |       |       |       |   281 |   406 |    88 ||   775
Throw: Stone             |       |       |       |       |    43 |    25 ||    68
Invok: Major Destruction |       |       |       |     1 |       |       ||     1
       Lesser Servant of |       |       |       |       |       |     2 ||     2
       Greater Servant o |       |       |       |       |       |     1 ||     1
Evoke: Wand              |       |       |     2 |     5 |    21 |    11 ||    39
  Use: Potion            |       |     2 |     4 |     4 |     5 |     9 ||    24
       Scroll            |       |       |    23 |    11 |     5 |    16 ||    55
 Stab: Distracted        |       |     1 |       |       |       |       ||     1
  Eat: Chunk             |       |     8 |    13 |    35 |    22 |    24 ||   102
       Pizza             |       |       |     1 |       |     1 |       ||     2
       Fruit             |       |       |       |     2 |    12 |     7 ||    21
Armor: Scale mail        |    36 |   124 |   208 |   358 |   446 |       ||  1172
       Plate armour      |       |       |       |       |     6 |   762 ||   768
Dodge: Dodged            |    24 |    73 |   118 |   255 |   225 |   217 ||   912
Block: Shield            |    35 |   156 |   228 |   482 |   173 |   574 ||  1648
       Large shield      |       |       |       |       |   795 |   753 ||  1548
       Reflection        |       |       |       |       |       |    45 ||    45
